 Dungeon Crawl Stone Soup version 0.20.0-15-g7f486f2 (webtiles) character file.

59 CODWOMAN the Charmwright (level 3, 0/27 HPs)
             Began as a Demonspawn Skald on June 12, 2017.
             Succumbed to an adder's poison
             ... on level 2 of the Dungeon.
             The game lasted 00:07:41 (1861 turns).

CODWOMAN the Charmwright (Demonspawn Skald)         Turns: 1861, Time: 00:07:42

Health: 0/27       AC:  5    Str: 11    XL:     3   Next: 78%
Magic:  7/7        EV: 11    Int: 14    God:
Gold:   36         SH:  0    Dex: 13    Spells: 6/7 levels left

rFire    . . .     SeeInvis .   a - +0 falchion
rCold    . . .     Gourm    .   (no shield)
rNeg     . . .     Faith    .   o - +0 ring mail
rPois    .         Spirit   .   (helmet restricted)
rElec    .         Reflect  .   (no cloak)
rCorr    .         Harm     .   (no gloves)
MR       .....                  (no boots)
Stlth    +.........             (no amulet)
Regen    0.1/turn               (no ring)
MPRegen  0.1/turn               (no ring)

@: lethally poisoned (0 -> -11)
A: horns 1
a: no special abilities


You were on level 2 of the Dungeon.
You were not hungry.

You visited 1 branch of the dungeon, and saw 2 of its levels.

You collected 36 gold pieces.

Inventory:

Hand Weapons
 a - a +0 falchion (weapon)
Missiles
 e - 11 poisoned needles
 g - 76 sling bullets
 p - 21 stones (quivered)
Armour
 b - a +0 leather armour
 o - a +0 ring mail (worn)
Scrolls
 j - 4 scrolls of identify
Potions
 i - a potion of ambrosia {unknown}
 k - 3 potions of heal wounds
 l - a potion of might {unknown}
 m - 2 potions of flight {unknown}
Books
 c - a book of Battle

   Spells                             Type                      Level
   a - Infusion                       Charms                       1
   b - Shroud of Golubria             Charms/Translocation         2
   c - Song of Slaying                Charms                       2
   d - Spectral Weapon                Hexes/Charms                 3
   e - Regeneration                   Charms/Necromancy            3
Comestibles
 d - a bread ration
 f - a royal jelly
 h - a meat ration
 n - 4 chunks of flesh


   Skills:
 + Level 2.2 Fighting
 + Level 2.2 Long Blades
 + Level 1.0 Armour
 + Level 2.0 Dodging
 + Level 2.6 Spellcasting
 + Level 3.3 Charms


You had 6 spell levels left.
You knew the following spells:

 Your Spells              Type           Power        Failure   Level  Hunger
a - Infusion              Chrm           ##..         14%         1    #......


Dungeon Overview and Level Annotations

Branches:
Dungeon (2/15)

Altars:


Innate Abilities, Weirdness & Mutations

You have a pair of small horns on your head.


Message History

You closely miss the adder. You headbutt the adder.
The adder is severely wounded.
You barely miss the adder.
The adder is severely wounded.
* * * LOW HITPOINT WARNING * * *
You feel sick. The adder barely misses you. The adder bites you.
* * * LOW HITPOINT WARNING * * *
You barely miss the adder. You headbutt the adder.
You kill the adder!
Your Armour skill increases to level 1!
Your Dodging skill increases to level 2!
* * * LOW HITPOINT WARNING * * *
You feel sick.
* * * LOW HITPOINT WARNING * * *
You feel sick.
There is a lethal amount of poison in your body!
As you read the scroll labeled RUIGED FUSSY, it crumbles to dust.
It is a scroll of identify.
k - 3 potions of heal wounds You die...

... #...#..#. #.# ##........
#.# ##..#...... ###.###
###.......... #.....#
#............
######.###.#####.....#......
##......# #.##.....##........
#...###.###.............#..#.
#####...#
#.....@#.....#.........
........#
######.####..###......#
####....# #......).......#.##
#...รท# #..####......###... ##
#....# #..####.########### .#
#....#######....##.##.....# .#
#............##.##.##.....# #
.# #.........................#
#
'###..................#......#
#


There were no monsters in sight!

Vanquished Creatures
  An adder (D:2)
  2 oozes (D:1)
  A worm (D:1)
  2 dart slugs (D:1)
  A leopard gecko (D:1)
  A bat zombie (D:1)
  A giant cockroach (D:1)
  3 goblins
  4 hobgoblins
  A jackal (D:1)
  A ball python (D:1)
  6 bats
  7 frilled lizards
  3 kobolds
  A leopard gecko zombie (D:1)
  A rat (D:1)
36 creatures vanquished.

Notes
Turn   | Place    | Note
-------+----------+-------------------------------------------
     0 | D:1      | CODWOMAN the Demonspawn Skald began the quest for the Orb.
     0 | D:1      | Reached XP level 1. HP: 16/16 MP: 3/3
   283 | D:1      | Gained mutation: You have a pair of small horns on your head. [demonic ancestry]
   283 | D:1      | Reached XP level 2. HP: 18/22 MP: 5/5
   301 | D:1      | Reached skill level 3 in Charms
  1033 | D:1      | Reached XP level 3. HP: 27/27 MP: 6/6
  1859 | D:2      | Reached skill level 1 in Armour
  1860 | D:2      | HP: 1/27 [poisoned by an adder]
  1861 | D:2      | Succumbed to an adder's poison

Skill      XL: |  1  2  3 |
---------------+----------+-----
Long Blades    | 2 |  2.2
Charms         | 3 |  3.3
Armour         | 1 |  1.0
Dodging        | 2 |  2.0
Fighting       | |  2.2
Spellcasting   | |  2.6

Action                   || total
-------------------------++-------
Melee: Falchion          ||    94
       Headbutt          ||    15
 Cast: Infusion          ||    47
  Use: Scroll            ||     1
  Eat: Chunk             ||     4
Armor: Leather armour    ||    15
       Ring mail         ||    16
Dodge: Dodged            ||    68
       Rpst.: Falchion   ||    24
